 Dungeon Crawl Stone Soup version 0.30-a0-924-g0ad0bf95bc (webtiles) character file.

Game seed: 3304004628366857181

21 DeathPants the Cutter (level 2, -2/16 HPs)
             Began as a Vine Stalker Monk on Mar 22, 2023.
             Slain by an endoplasm (3 damage)
             ... on level 1 of the Dungeon.
             The game lasted 00:01:30 (443 turns).

DeathPants the Cutter (Vine Stalker Monk)            Turns: 443, Time: 00:01:30

Health: -2/16      AC:  2    Str: 13    XL:     2   Next: 83%
Magic:  0/3        EV: 13    Int: 10    God:
Gold:   55         SH:  0    Dex: 16    Spells: 1/1 levels left

rFire   . . .      SeeInvis .    a - +0 short sword
rCold   . . .      Faith    .    (no shield)
rNeg    . . .      Spirit   +    b - +0 robe
rPois   .          Reflect  .    (no helmet)
rElec   .          Rampage  .    (no cloak)
rCorr   .                        (no gloves)
Will    .....                    (no boots)
Stlth   ++                       (no amulet)
HPRegen 0.22/turn                (no ring)
MPRegen 0.08/turn                (no ring)

@: no status effects
A: fangs 2, magic shield, antimagic bite, no potion heal 2
a: no special abilities


You were on level 1 of the Dungeon.
You visited 1 branch of the dungeon, and saw 2 of its levels.

You collected 55 gold pieces.

Inventory:

Hand Weapons
 a - a +0 short sword (weapon)
Armour
 b - a +0 robe (worn)
Scrolls
 d - 4 scrolls of identify {unknown}
 e - a scroll of teleportation {unknown}
 h - a scroll of poison {unknown}
 i - a scroll of amnesia {unknown}
Potions
 c - a potion of ambrosia
 f - a potion of lignification {unknown}
 g - a potion of curing {unknown}


   Skills:
 + Level 3.0 Fighting
 + Level 3.0 Short Blades
 + Level 2.6 Dodging
 + Level 2.9 Stealth


You had one spell level left.
You didn't know any spells.
Your spell library contained the following spells:

 Spells                   Type           Power      Damage    Failure   Level
 Magic Dart               Conj           0%         1d3       36%         1
 Searing Ray              Conj           0%         2d4       50%         2
 Fulminant Prism          Conj/Hex       0%         3d5       98%         4


Dungeon Overview and Level Annotations

Branches:
Dungeon (2/15)

Altars:


Innate Abilities, Weirdness & Mutations

You have extremely sharp teeth.
When hurt, damage is shared between your health and your magic reserves.
Your bite disrupts and absorbs the magic of your enemies.
Potions cannot restore your health.


Message History

You hit the ball python but do no damage.
You bite the ball python. You drain its power.
The ball python is moderately wounded.
The ball python bites you but does no damage.
The ball python constricts you. The endoplasm freezes you.
You are frozen.
You hit the ball python.
You kill the ball python!
The endoplasm freezes you.
You are frozen.
You hit the hobgoblin. You bite the hobgoblin. You drain its power.
You feel invigorated.
The hobgoblin is almost dead.
The hobgoblin barely misses you. The endoplasm misses you.
You hit the hobgoblin but do no damage.
The hobgoblin is almost dead.
The endoplasm misses you.
The hobgoblin hits you but does no damage.
You closely miss the hobgoblin. Your bite misses the hobgoblin.
The hobgoblin is almost dead.
You closely miss the hobgoblin.
The hobgoblin is almost dead.
The endoplasm hits you. The hobgoblin barely misses you.
You hit the hobgoblin.
You kill the hobgoblin!
The endoplasm freezes you.
You are frozen.
Your Fighting skill increases to level 3!
Your Short Blades skill increases to level 3!
The endoplasm freezes you.
You are frozen.
Things that are here:
a scroll labelled NEJEQEOSOF; a ball python corpse The endoplasm freezes you.
You are frozen.
* * * LOW HITPOINT WARNING * * *
You see here a scroll labelled QONON EZUO.
The endoplasm hits you.
You die...

#....# #....# .....# #####
#.#....### ..... ####.) ..# ..##
######### ###.# #....###.###..#
#........ ###.#####.##...[J#....#
#........ ........#.#...#?@...#.#
#........
###.###.#.#†###.###.#.###........
.†............#..#...............
###.###.#.##.....#.##.###........
#..# #.#...............#########
##..# #.#############.#.# #
....###.### ..#.# # ##........#
#.# # # .#......#.# ..# #


You could see an endoplasm.

Vanquished Creatures
  2 bats (D:1)
  A goblin (D:1)
  3 hobgoblins (D:1)
  3 jackals (D:2)
  A kobold (D:1)
  A quokka (D:1)
  A ball python (D:1)
  7 rats (D:1)
19 creatures vanquished.

Notes
Turn   | Place    | Note
-------+----------+-------------------------------------------
     0 | D:1      | DeathPants the Vine Stalker Monk began the quest for the
                  | Orb.
     0 | D:1      | Reached XP level 1. HP: 11/11 MP: 2/2
   109 | D:1      | Reached XP level 2. HP: 10/16 MP: 1/3
   443 | D:1      | Slain by an endoplasm

Illustrated notes

Levels and vault maps discovered:
D:1:      lightli_arrival_noodles, layout_basic,
          shapermc_ecumenical_altar_flowoftime, minmay_pentomino_t4
D:2:      layout_loops_ring, small_statue_intersection, minmay_quantized

Skill      XL: |  1  2 |
---------------+-------+-----
Fighting       | 3 |  3.0
Short Blades   | 3 |  3.0
Dodging        | |  2.6
Stealth        | |  2.9

Action                     || total
---------------------------++-------
  Melee: Short sword       ||    49
         Bite              ||     9
   Stab: Sleeping          ||     4
 Armour: Robe              ||     7
  Dodge: Dodged            ||    20

Table legend: (Time is in decaauts)
 A = Elapsed time spent in this place.
 B = Non-inter-level travel time spent in this place.
 C = Inter-level travel time spent in this place.
 D = Time resting spent in this place.
 E = Time spent auto-exploring this place.
 F = Levels seen in this place.
 G = Mean time per level.
                   A        B        C        D        E       F      G
               +--------+--------+--------+--------+--------+-----+--------+
         Total |    436 |    436 |      0 |     14 |    205 |   2 |  218.0 |
       Dungeon |    436 |    436 |      0 |     14 |    205 |   2 |  218.0 |
               +--------+--------+--------+--------+--------+-----+--------+

Top non-repeatable levels by time:
     D:1: 409 daAuts
     D:2: 27 daAuts
